 Dungeon Crawl Stone Soup version 0.15.0-14-g6bbbb5c (webtiles) character file.

44 oshikia the Chucker (level 3, 0/28 HPs)
             Began as a Demonspawn Hunter on Sept 4, 2014.
             Slain by Sigmund
             ... wielding a +0 scythe
              (9 damage)
             ... on Level 2 of the Dungeon.
             The game lasted 00:04:56 (1493 turns).

oshikia the Chucker (Demonspawn Hunter)             Turns: 1493, Time: 00:04:56

HP   0/28        AC  5     Str 12      XL: 3   Next: 39%
MP   3/3         EV 11     Int 12      God:
Gold 90          SH  0     Dex 14      Spells:  0 memorised,  2 levels left

rFire  + . .     SeeInvis .       - Unarmed
rCold  . . .     Clarity  .     d - +0 leather armour
rNeg   + . .     rCorr    .     (no shield)
rPois  .         rRot     .     e - +0 helmet
rElec  .         Spirit   .     (no cloak)
SustAb .         Warding  .     (no gloves)
rMut   .         Stasis   .     (no boots)
Gourm  .                        (no amulet)
MR     .....                    (no ring)
                                n - ring of positive energy

@: not resistant to hostile enchantments, very unstealthy
A: molten scales 1, fire resistance 1
a: no special abilities


You were on level 2 of the Dungeon.
You were not hungry.

You visited 1 branch of the dungeon, and saw 2 of its levels.

You collected 90 gold pieces.

Inventory:

Hand weapons
 a - a +0 short sword
Missiles
 b - 2 throwing nets
 i - a javelin (quivered)
 j - 21 stones
Armour
 d - a +0 leather armour (worn)
 e - a +0 helmet (worn)
Comestibles
 f - a bread ration
 k - 2 beef jerkies
 o - a royal jelly
Scrolls
 g - 3 scrolls of identify {unknown}
 h - 2 scrolls of enchant armour {unknown}
 l - a scroll of teleportation {unknown}
 m - a scroll of recharging {unknown}
Jewellery
 n - a ring of positive energy (left hand)
Potions
 c - a potion of invisibility {unknown}


   Skills:
 + Level 2.6 Fighting
 - Level 0.8 Short Blades
 * Level 4.2 Throwing
 - Level 1.7 Dodging
 - Level 0.8 Stealth
 + Level 1.0 Unarmed Combat


You had 2 spell levels left.
You didn't know any spells.

Dungeon Overview and Level Annotations

Branches:
Dungeon (2/15)

Altars:
Fedhas

Annotations:
D:2 Sigmund


Innate Abilities, Weirdness & Mutations

You are partially covered in molten scales (AC +1).
Your flesh is heat resistant.


Message History

Sigmund says, "Don't worry, I'll kill you fast."
Sigmund hits you from afar with a scythe.
The goblin barely misses you.
You closely miss the goblin. The goblin closely misses you.
Sigmund closely misses you.
You closely miss the goblin. The goblin hits you with a club.
You hit the goblin.
The goblin is heavily wounded.
Sigmund hits you from afar with a scythe!
You barely miss the goblin.
The goblin is heavily wounded.
The goblin hits you but does no damage. Sigmund closely misses you.
You closely miss the goblin.
The goblin is heavily wounded.
The goblin hits you but does no damage.
You barely miss the goblin.
The goblin is heavily wounded.
The goblin hits you but does no damage.
Sigmund hits you from afar with a scythe!
You die...

### ..#..... ####.....
........ #.........[
..#..... #..........#
#..... #..........#(
#.#### #..........(.
... ...
#........(########....
#...g@..............
###..@### #.......###.
#.......###....... #.
#....(.......... #.
#.............# #.
#.............########
#.....................
#.......#####.........
#.......#####.........
#.................%...


You could see Sigmund and a goblin.

Vanquished Creatures
  A gnoll (D:1)
  A giant gecko (D:1)
  5 bats
  A giant cockroach (D:1)
  2 hobgoblins
  A quokka (D:2)
  A giant newt (D:2)
  4 goblins (D:1)
  2 jackals (D:1)
  6 kobolds
  7 rats
31 creatures vanquished.

Notes
Turn   | Place    | Note
--------------------------------------------------------------
     0 | D:1      | oshikia, the Demonspawn Hunter, began the quest for the Orb.
     0 | D:1      | Reached XP level 1. HP: 16/16 MP: 1/1
   425 | D:1      | Reached skill level 4 in Throwing
   425 | D:1      | Gained mutation: You are partially covered in molten scales (AC +1). [demonic ancestry]
   425 | D:1      | Reached XP level 2. HP: 20/22 MP: 2/2
   921 | D:1      | Gained mutation: Your flesh is heat resistant. [demonic ancestry]
   921 | D:1      | Reached XP level 3. HP: 25/28 MP: 3/3
  1024 | D:1      | Reached skill level 1 in Unarmed Combat
  1159 | D:2      | Noticed Sigmund
  1323 | D:2      | Found a blossoming altar of Fedhas.
  1493 | D:2      | Slain by Sigmund

Action                   || total
-------------------------++-------
Melee: Unarmed           ||   213
Throw: Javelin           ||    20
       Throwing net      ||     2
       Stone             ||    28
 Stab: Sleeping          ||     2
  Eat: Chunk             ||     2
